 Dungeon Crawl Stone Soup version 0.22.0-27-ga576289 (webtiles) character file.

119 Lew the Skirmisher (level 5, -2/33 HPs)
             Began as a Gargoyle Abyssal Knight on Aug 21, 2018.
             Was a Believer of Lugonu.
             Killed by nerve-wracking pain
             ... invoked by Grinder
              (4 damage)
             ... on level 3 of the Dungeon.
             The game lasted 00:04:38 (2108 turns).

Lew the Skirmisher (Gargoyle Abyssal Knight)        Turns: 2108, Time: 00:04:39

Health: -2/33      AC: 11    Str: 17    XL:     5   Next: 3%
Magic:  6/6        EV: 11    Int: 12    God:    Lugonu [**....]
Gold:   120        SH:  0    Dex: 12    Spells: 4/4 levels left

rFire    . . .     SeeInvis .   a - +2 mace
rCold    . . .     Gourm    .   (no shield)
rNeg     + . .     Faith    .   k - +0 ring mail
rPois    ∞         Spirit   .   (no helmet)
rElec    +         Reflect  .   (no cloak)
rCorr    .         Harm     .   i - +1 pair of gloves {Dex+3}
MR       .....                  (no boots)
Stlth    +.........             (no amulet)
HPRegen  0.11/turn              (no ring)
MPRegen  0.10/turn              (no ring)

@: no status effects
A: negative energy resistance 1, electricity resistance, unbreathing,
petrification resistance, rot immunity, AC +4
a: Depart the Abyss, Bend Space, Renounce Religion


You were on level 3 of the Dungeon.
You worshipped Lugonu.
Lugonu was pleased with you.
You were not hungry.

You visited 1 branch of the dungeon, and saw 3 of its levels.
You visited the Abyss 1 time.

You collected 120 gold pieces.

Inventory:

Hand Weapons
 a - a +2 mace (weapon)
Armour
 i - a +1 pair of gloves of dexterity (worn)
 k - a +0 ring mail (worn)
 p - a +0 plate armour
Scrolls
 f - 2 scrolls of fog
Potions
 b - a potion of cancellation
 d - a potion of brilliance
 h - a potion of ambrosia
Comestibles
 c - a ration


   Skills:
 + Level 4.0 Fighting
 * Level 3.4 Maces & Flails
 + Level 3.1 Armour
 + Level 1.7 Dodging
 - Level 2.0 Invocations


You had 4 spell levels left.
You didn't know any spells.
Your spell library was empty.

Dungeon Overview and Level Annotations

Branches:
Dungeon (3/15)

Altars:
Nemelex Xobeh

Annotations:
D:3 Grinder


Innate Abilities, Weirdness & Mutations

You are resistant to torment.
Your stone body is resilient. (AC +4)
You are immune to poison.
You resist negative energy. (rN+)
You are resistant to electric shocks. (rElec)
You can survive without breathing.
You are immune to petrification.
You are immune to rotting.


Message History

The adder bites you.
* * * LOW HITPOINT WARNING * * *
Grinder blinks!
The orc hits you from afar with a trident of protection.
* * * LOW HITPOINT WARNING * * *
The adder bites you but does no damage. x2; Grinder blinks!
The orc hits you but does no damage. The adder bites you but does no damage.
The orc barely misses you. The adder bites you but does no damage.
You can move again.
As you read the scroll of fog, it crumbles to dust.
The scroll dissolves into smoke.
The adder closely misses you. The orc hits you but does no damage.
The adder bites you but does no damage. The orc hits you but does no damage.
The adder misses you. The orc barely misses you.
The adder bites you but does no damage. The adder misses you.
Grinder barely misses you. The orc completely misses you.
Grinder gestures at you. Pain shoots through your body!
You die...

,,,,,* ####### ,,,,,*
#.....# ,,,,,* #....§#
****** #..5§§# * #§§§§§#
******##########§§§§§#
,,,,,,..........§o§§§#
****,,..........§5§§.#
,,,*,,..........@S§..#
**,*,,...........#####
**,*,,...........#
**,*,,...........#
**,*,,...........#****
,,,*,,............,,,*
*,,*,,.............,,*
,,,*,,,,,.........,,,*******
**,,*******+****,,,,,,,,,,,*


You could see Grinder, an adder and an orc.

Vanquished Creatures
  6 adders
  An ooze (D:1)
  2 worms (D:2)
  A dart slug (D:1)
  A leopard gecko (D:1)
  4 bats (D:1)
  3 giant cockroaches (D:1)
  7 goblins
  7 hobgoblins
  2 jackals (D:1)
  A quokka (D:2)
  A ball python (D:2)
  8 frilled lizards
  5 kobolds
  7 rats
56 creatures vanquished.

Notes
Turn   | Place    | Note
-------+----------+-------------------------------------------
     0 | Abyss:1  | Lew the Gargoyle Abyssal Knight began the quest for the Orb.
     0 | Abyss:1  | Reached XP level 1. HP: 14/14 MP: 2/2
    13 | Abyss:1  | Found a corrupted altar of Lugonu.
    33 | Abyss:1  | Found a corrupted altar of Lugonu.
    59 | Abyss:1  | Noticed a bone dragon
    86 | Abyss:2  | Noticed an ancient zyme
   106 | Abyss:2  | Noticed a small abomination
   127 | D:1      | Escaped the Abyss
   284 | D:1      | Noticed a wyvern
   284 | D:1      | Noticed a lindwurm
   284 | D:1      | Noticed a salamander
   301 | D:1      | Reached * piety under Lugonu
   313 | D:1      | Reached skill level 1 in Dodging
   313 | D:1      | Reached XP level 2. HP: 19/19 MP: 3/3
   482 | D:1      | Found a sparkling altar of Nemelex Xobeh.
   560 | D:1      | Reached XP level 3. HP: 23/23 MP: 4/4
  1137 | D:2      | Reached ** piety under Lugonu
  1144 | D:2      | Reached XP level 4. HP: 14/29 MP: 5/5
  1787 | D:2      | Reached skill level 4 in Fighting
  2072 | D:3      | Noticed Grinder
  2074 | D:3      | Paralysed by Grinder for 3 turns
  2086 | D:3      | Reached XP level 5. HP: 13/33 MP: 6/6
  2095 | D:3      | Paralysed by Grinder for 7 turns
  2098 | D:3      | HP: 1/33 [orc/trident of protection (1)]
  2108 | D:3      | Killed from afar by Grinder

Skill      XL: |  1  2  3  4 |
---------------+-------------+-----
Dodging        | 1 |  1.7
Maces & Flails | 3 |  3.4
Armour         | 3 |  3.1
Fighting       | 4 |  4.0
Invocations    | |  2.0

Action                   |  1- 3 |  4- 6 || total
-------------------------+-------+-------++-------
Melee: Mace              |   104 |    81 ||   185
Invok: Depart the Abyss  |     1 |       ||     1
  Use: Scroll            |     2 |     7 ||     9
       Potion            |       |     2 ||     2
  Eat: Chunk             |       |     2 ||     2
       Ration            |       |     1 ||     1
Armor: Leather armour    |    10 |       ||    10
       Ring mail         |    47 |    60 ||   107
Dodge: Dodged            |    89 |    59 ||   148
